 Dungeon Crawl Stone Soup version 0.18-a0-1637-g109f206 (webtiles) character file.

79 dohliylev the Shield-Bearer (level 4, -5/29 HPs)
             Began as a Gargoyle Fighter on Mar 26, 2016.
             Was an Initiate of Okawaru.
             Killed by divine providence
             ... invoked by an orc priest
              (14 damage)
             ... on level 3 of the Dungeon.
             The game lasted 00:09:59 (1549 turns).

dohliylev the Shield-Bearer (Gargoyle Fighter)      Turns: 1549, Time: 00:10:01

Health: -5/29      AC: 10    Str: 20    XL:     4   Next: 37%
Magic:  5/5        EV:  7    Int:  9    God:    Okawaru [......]
Gold:   87         SH:  9    Dex:  9    Spells: 0 memorised, 4 levels left

rFire  . . .     SeeInvis .     a - +0 rapier
rCold  . . .     Gourm    .     b - +0 scale mail
rNeg   + . .     Faith    .     c - +0 shield
rPois  ∞         Spirit   .     (no helmet)
rElec  +         Dismiss  .     (no cloak)
rCorr  .         Reflect  .     (no gloves)
SustAt .         Harm     .     (no boots)
MR     .....                    (no amulet)
Stlth  ..........               (no ring)
                                (no ring)

@: not resistant to hostile enchantments, extremely unstealthy
A: negative energy resistance 1, electricity resistance, unbreathing,
petrification resistance, rot immunity, AC +3
a: Renounce Religion


You were on level 3 of the Dungeon.
You worshipped Okawaru.
Okawaru was noncommittal.
You were not hungry.

You visited 1 branch of the dungeon, and saw 3 of its levels.

You collected 87 gold pieces.

Inventory:

Hand Weapons
 a - a +0 rapier (weapon)
Missiles
 n - 6 needles of sleeping
 o - 37 poisoned needles
Armour
 b - a +0 scale mail (worn)
 c - a +0 shield (worn)
Scrolls
 g - a scroll of magic mapping {unknown}
 i - a scroll of identify {unknown}
 j - 2 scrolls of amnesia {unknown}
 k - a scroll of teleportation {unknown}
 l - a scroll of recharging {unknown}
 r - a scroll of blinking {unknown}
 u - a scroll of remove curse {unknown}
Potions
 d - a potion of might
 e - 3 potions of berserk rage {unknown}
 m - 4 potions of heal wounds {unknown}
 q - a potion of lignification {unknown}
 t - a potion of mutation {unknown}
Books
 p - a book of Hinderance

   Spells                             Type                      Level
   a - Confusing Touch                Hexes                        2
   b - Confuse                        Hexes                        3
   c - Gell's Gravitas                Hexes/Translocation          3
   d - Petrify                        Transmutation/Earth          4
   e - Metabolic Englaciation         Hexes/Ice                    5
   f - Yara's Violent Unravelling     Hexes/Transmutation          5
Comestibles
 f - a bread ration
 h - 2 meat rations
 s - 2 chunks of flesh


   Skills:
 + Level 3.8 Fighting
 + Level 1.9 Short Blades
 + Level 3.8 Armour
 + Level 1.1 Dodging
 + Level 4.0 Shields
 * Level 0.8 Spellcasting


You had 4 spell levels left.
You didn't know any spells.

Dungeon Overview and Level Annotations

Branches:
Dungeon (3/15)

Altars:
Okawaru
Trog


Innate Abilities, Weirdness & Mutations

You are resistant to torment.
Your stone body is resilient (AC +3).
You are immune to poison.
You resist negative energy.
You are resistant to electric shocks.
You can survive without breathing.
You are immune to petrification.
You are immune to rotting.


Message History

You block the orc priest's attack.
You hit the orc priest.
The orc priest is lightly wounded.
You block the orc priest's attack.
You closely miss the orc priest.
The orc priest is lightly wounded.
The bat barely misses you.
The orc priest casts a cantrip, but nothing happens.
You completely miss the orc priest.
The orc priest is lightly wounded.
The bat barely misses you. The orc priest closely misses you.
Your scale mail prevents you from hitting the orc priest.
The orc priest is lightly wounded.
You block the bat's attack. The orc priest barely misses you.
Your shield prevents you from hitting the orc priest.
The orc priest is lightly wounded.
You block the bat's attack.
The orc priest invokes the aid of Beogh against you.
Beogh smites you!
You die...

#.######.##### ##..#
#......#.....# # ....##
#..###.#####.## ..
....# #....#.#..##...
#. .... #.##.#....####.
#.##..###.##.#.......#.
.....##...#.#######.#.
#.o##)..#...........
#b)@(...####..##.##.
#...##.....#..##.##.
#.#.##.###.#..##....
#.#.##.# #.#########
..#.##.# .. # ##.#.. .#
###.###### #.##. .#
#........# #. ..
#.....<..# #........#


You could see an orc priest and a bat.

Vanquished Creatures
  An adder (D:2)
  A worm (D:3)
  4 dart slugs (D:1)
  5 giant geckos
  2 orcs (D:3)
  3 ball pythons
  5 bats
  A giant cockroach (D:2)
  4 goblins
  6 hobgoblins
  9 kobolds
  2 giant newts (D:2)
  4 rats
47 creatures vanquished.

Notes
Turn   | Place    | Note
--------------------------------------------------------------
     0 | D:1      | dohliylev the Gargoyle Fighter began the quest for the Orb.
     0 | D:1      | Reached XP level 1. HP: 14/14 MP: 1/1
   155 | D:1      | Reached XP level 2. HP: 19/19 MP: 2/2
   399 | D:1      | Reached XP level 3. HP: 13/24 MP: 3/3
   720 | D:2      | Found an iron altar of Okawaru.
   761 | D:2      | Became a worshipper of Warmaster Okawaru
   983 | D:2      | Reached XP level 4. HP: 29/29 MP: 5/5
  1057 | D:2      | Reached skill level 1 in Dodging
  1180 | D:2      | Found a bloodstained altar of Trog.
  1475 | D:3      | Reached skill level 4 in Shields
  1549 | D:3      | Killed from afar by an orc priest

Vault maps used:
D:1:      minmay_arrival_split_and_join
D:2:      lemuel_doored_altar, lemuel_round_altar
D:3:      first_bread, uniq_terence, uniq_jessica

Skill      XL: |  1  2  3  4 |
---------------+-------------+-----
Dodging        | 1 |  1.1
Shields        | 4 |  4.0
Fighting       | |  3.8
Short Blades   | |  1.9
Armour         | |  3.8
Spellcasting   | |  0.8

Action                   |  1- 3 |  4- 6 || total
-------------------------+-------+-------++-------
Melee: Rapier            |   128 |    60 ||   188
  Eat: Chunk             |       |     2 ||     2
